 Dungeon Crawl Stone Soup version 0.20.1-1-g8b1a95d (webtiles) character file.

38 zultag the Magician (level 3, 0/24 HPs)
             Began as a Demonspawn Wizard on Sept 18, 2017.
             Slain by a gnoll
             ... wielding a +0 spear
              (5 damage)
             ... on level 2 of the Dungeon.
             The game lasted 00:18:11 (1172 turns).

zultag the Magician (Demonspawn Wizard)             Turns: 1172, Time: 00:18:12

Health: 0/24       AC:  3    Str:  7    XL:     3   Next: 25%
Magic:  2/7        EV: 11    Int: 20    God:
Gold:   54         SH:  0    Dex: 11    Spells: 3/8 levels left

rFire    . . .     SeeInvis .   s - +1 dagger (venom)
rCold    . . .     Gourm    .   (no shield)
rNeg     . . .     Faith    .   w - +0 leather armour
rPois    .         Spirit   .   b - +0 hat
rElec    .         Reflect  .   (no cloak)
rCorr    .         Harm     .   (no gloves)
MR       .....                  (no boots)
Stlth    ++++......             (no amulet)
Regen    0.1/turn               (no ring)
MPRegen  0.1/turn               (no ring)

@: no status effects
A: nightstalker 2
a: no special abilities


You were on level 2 of the Dungeon.
You were hungry.

You visited 1 branch of the dungeon, and saw 2 of its levels.

You collected 54 gold pieces.

Inventory:

Hand Weapons
 e - a +0 club
 m - a +0 hunting sling
 n - a +0 dagger
 q - a +0 short sword
 s - a +1 dagger of venom (weapon)
Missiles
 j - 44 arrows
 o - 48 sling bullets
Armour
 a - a +0 robe
 b - a +0 hat (worn)
 h - a +0 robe
 p - a +0 chain mail
 w - a +0 leather armour (worn)
Scrolls
 g - a scroll of amnesia {unknown}
 l - a scroll of remove curse {unknown}
Potions
 i - a potion of degeneration {unknown}
 k - a potion of ambrosia {unknown}
 r - a potion of curing {unknown}
 u - a potion of berserk rage {unknown}
 v - a potion of might {unknown}
Books
 c - a book of Minor Magic

   Spells                             Type                      Level
   a - Magic Dart                     Conjuration                  1
   b - Blink                          Translocation                2
   c - Call Imp                       Summoning                    2
   d - Slow                           Hexes                        2
   e - Conjure Flame                  Conjuration/Fire             3
   f - Mephitic Cloud                 Conjuration/Poison/Air       3
Comestibles
 d - 2 bread rations
 f - a royal jelly
 t - 2 meat rations


   Skills:
 + Level 0.6 Slings
 + Level 2.1 Dodging
 + Level 2.1 Stealth
 + Level 0.3 Unarmed Combat
 + Level 3.4 Spellcasting
 + Level 1.2 Conjurations
 + Level 1.1 Summonings
 + Level 0.8 Translocations


You had 3 spell levels left.
You knew the following spells:

 Your Spells              Type           Power        Failure   Level  Hunger
a - Magic Dart            Conj           #...         12%         1    None
b - Call Imp              Summ           #.......     21%         2    ##.....
c - Blink                 Tloc           N/A          22%         2    ##.....


Dungeon Overview and Level Annotations

Branches:
Dungeon (2/15)

Altars:


Innate Abilities, Weirdness & Mutations

You are significantly more attuned to the shadows.


Message History

Your crimson imp hits the gnoll.
The gnoll hits your crimson imp with a spear.
Your crimson imp hits the gnoll but does no damage.
The gnoll barely misses your crimson imp.
Your crimson imp hits the gnoll but does no damage.
The gnoll misses your crimson imp.
Your crimson imp hits the gnoll but does no damage.
The gnoll barely misses your crimson imp.
Your crimson imp hits the gnoll but does no damage.
The gnoll hits your crimson imp with a spear!
Your crimson imp hits the gnoll but does no damage.
The gnoll hits your crimson imp with a spear!
Your crimson imp dies!
Casting: Call Imp
Confirm with . or Enter, or press ? or * to list all spells.
A shadowy apparition takes form in the air.
The gnoll hits you from afar with a spear!
* * * LOW HITPOINT WARNING * * *
The gnoll hits you from afar with a spear.
You die...

#..........########
#.##.......†......#
#.##.#####.######.#
#.##.# #.# #.# ## #.##.#
#.# #.# #. #.##.# #.#
###.### #. #.##.## #.#
#.....####. #.#...####.#
##.#........ #...#.g.@5.#
............
###..g######.##.###.#####
##.## # #. ...# #.#
.....## #g# #.###> #†# #.
#.# #. #.# #.#


You could see 2 gnolls and a friendly shadow imp.

Vanquished Creatures
  A gnoll (D:2)
  An ooze (D:1)
  3 dart slugs (D:1)
  A giant cockroach (D:1)
  2 goblins (D:1)
  2 hobgoblins
  A quokka (D:2)
  A ball python (D:1)
  A bat (D:1)
  2 frilled lizards (D:1)
  3 kobolds (D:1)
  4 rats
22 creatures vanquished.

Notes
Turn   | Place    | Note
-------+----------+-------------------------------------------
     0 | D:1      | zultag the Demonspawn Wizard began the quest for the Orb.
     0 | D:1      | Reached XP level 1. HP: 13/13 MP: 4/4
   301 | D:1      | Gained mutation: You are slightly more attuned to the shadows. [demonic ancestry]
   301 | D:1      | Reached XP level 2. HP: 16/19 MP: 1/6
   391 | D:1      | Learned a level 2 spell: Call Imp
   394 | D:1      | Learned a level 2 spell: Blink
  1123 | D:2      | Gained mutation: You are significantly more attuned to the shadows. [demonic ancestry]
  1123 | D:2      | Reached XP level 3. HP: 24/24 MP: 7/7
  1172 | D:2      | Slain by a gnoll

Skill      XL: |  1  2 |
---------------+-------+-----
Stealth        | 2 |  2.1
Dodging        | 2 |  2.1
Slings         | |  0.6
Unarmed Combat | |  0.3
Spellcasting   | |  3.4
Conjurations   | |  1.2
Summonings     | |  1.1
Translocations | |  0.8

Action                   || total
-------------------------++-------
Melee: Unarmed           ||    24
       Dagger            ||     3
 Fire: Hunting sling     ||    42
Throw: Throwing net      ||     1
 Cast: Magic Dart        ||    23
       Call Imp          ||     5
  Use: Potion            ||     1
 Stab: Held in net/web   ||     1
Armor: Robe              ||    10
       Leather armour    ||     1
Dodge: Dodged            ||    35
